 Dungeon Crawl Stone Soup version 0.31.0-11-ge490571c62 (webtiles) character file.

Game seed: 18116731943561695014

25 qw the Shooter (level 2, -8/14 HPs)
             Began as a Spriggan Hunter on Feb 4, 2024.
             Mangled by an iguana (11 damage)
             ... on level 2 of the Dungeon.
             The game lasted 00:00:02 (932 turns).

qw the Shooter (Spriggan Hunter)                     Turns: 932, Time: 00:00:03

Health: -8/14      AC:  2    Str:  7    XL:     2   Next: 82%
Magic:  3/3        EV: 19    Int: 10    God:
Gold:   35         SH:  0    Dex: 18    Spells: 1/1 levels left

rFire   . . .        a - +0 shortbow
rCold   . . .        (shield currently unavailable)
rNeg    . . .        c - +0 robe
rPois   .            (helmet restricted)
rElec   .            (no cloak)
rCorr   +            (gloves unavailable)
SInv    +            (boots unavailable)
Will    .....        (no amulet)
Stlth   ++           i - ring of resist corrosion
HPRegen 0.22/turn    (no ring)
MPRegen 0.08/turn

%: no passive effects
@: very quick
A: very small, no large weapons, unfitting armour, see invisible, speed 3
a: no special abilities


You were on level 2 of the Dungeon.
You visited 1 branch of the dungeon, and saw 2 of its levels.

You collected 35 gold pieces.


Innate Abilities, Weirdness & Mutations

You are very small and have problems with some larger weapons.
You are too small for most types of armour.
You have supernaturally acute eyesight. (SInv)
You cover ground extremely quickly. (Speed+++)


   Skills:
 - Level 1.5 Fighting
 + Level 4.3 Ranged Weapons
 - Level 4.0 Dodging
 - Level 1.5 Stealth


You had one spell level left.
You didn't know any spells.
Your spell library was empty.

Inventory:

Hand Weapons
 a - a +0 shortbow (weapon)
Armour
 c - a +0 robe (worn)
Jewellery
 i - a ring of resist corrosion (left hand)
Potions
 b - a potion of haste {unknown}
 d - a potion of heal wounds {unknown}
 e - a potion of brilliance {unknown}
 g - a potion of mutation
 h - a potion of berserk rage {unknown}

Dungeon Overview and Level Annotations

Branches:
Dungeon (2/15)

Altars:


Message History

b - a puce potion
Found a leather armour.
A goblin comes into view. It is wielding a +0 dagger.
The goblin shouts!
You shoot an arrow. The arrow barely misses the goblin.
You shoot an arrow. The arrow barely misses the goblin.
You shoot an arrow. The arrow hits the goblin.
You kill the goblin!
You now have 35 gold pieces (gained 12).
d - a grey potion
Found a stone staircase leading down.
You see here a +0 leather armour.
You open the door.
There is an open door here.
You open the door.
There is an open door here.
e - a sapphire potion You open the door.
An iguana comes into view.
The iguana hisses angrily.
Found 9 gold pieces.
You shoot an arrow. The arrow hits the iguana.
The iguana is lightly wounded.
You shoot an arrow.
The arrow hits the iguana but does no damage.
The iguana is lightly wounded.
You shoot an arrow.
The arrow hits the iguana but does no damage.
The iguana is lightly wounded.
You shoot an arrow. The arrow closely misses the iguana.
The iguana bites you!
Ouch! That really hurt!
You shoot an arrow. The arrow barely misses the iguana.
The iguana misses you.
You shoot an arrow.
The arrow hits the iguana but does no damage.
The iguana is lightly wounded.
The iguana closely misses you. The iguana bites you!
Ouch! That really hurt!
You die...

# # # ##### #. +# ....#
#. ... ###.# #.#### $...
# #.# #.##.## .....
###.#####.#...####......
................@l......
#.####........####......
....##.##..#.## .....
#.#.##.##..### ....
#.#.##.##..# ...
#.#.##.##..# +#
..#.##.....#
###.#####.## ###.# #.#


You could see an iguana.

Vanquished Creatures
  A bat (D:1)
  2 endoplasms
  2 giant cockroaches (D:1)
  2 hobgoblins (D:1)
  4 ball pythons (D:1)
  2 frilled lizards (D:1)
  4 goblins
  2 kobolds (D:1)
  6 rats (D:1)
25 creatures vanquished.

Notes
Turn   | Place    | Note
-------+----------+-------------------------------------------
     0 | D:1      | qw the Spriggan Hunter began the quest for the Orb.
     0 | D:1      | Reached XP level 1. HP: 10/10 MP: 2/2
     0 | D:1      | 0 ||| qw: Version: 0.3-a-160-g6735b56
     0 | D:1      | 0 ||| qw: Game counter: 5102
     0 | D:1      | 0 ||| qw: Melee chars always use a shield: true
     0 | D:1      | 0 ||| qw: God list: Okawaru
     0 | D:1      | 0 ||| qw: Allow faded altars: false
     0 | D:1      | 0 ||| qw: Do Orc after clearing Dungeon:15 true
     0 | D:1      | 0 ||| qw: Do second Lair branch before Depths: true
     0 | D:1      | 0 ||| qw: Lair rune preference: random
     0 | D:1      | 0 ||| qw: Goals: Normal
     0 | D:1      | 0 ||| PLANNING D:1-11
    25 | D:1      | Reached skill level 3 in Dodging
   111 | D:1      | Reached XP level 2. HP: 14/14 MP: 3/3
   633 | D:1      | 633 ||| UPGRADING to ring of resist corrosion.
   634 | D:1      | 634 ||| READING scroll labelled MUR JIMIAK.
   634 | D:1      | 634 ||| IDENTIFYING orange potion
   635 | D:1      | 635 ||| READING scroll labelled PEUDOKL EWNATYE.
   640 | D:1      | 640 ||| READING scroll labelled AMAIP TINEH.
   641 | D:1      | 641 ||| DROPPING scroll of butterflies.
   930 | D:2      | HP: 3/14 [iguana (11)]
   932 | D:2      | Mangled by an iguana

Levels and vault maps discovered:
D:1:      erik_arrival_orb_chamber, layout_basic
D:2:      layout_loops_corners

Skill      XL: |  1  2 |
---------------+-------+-----
Dodging        | 3 4 |  4.0
Fighting       | |  1.5
Ranged Weapons | |  4.3
Stealth        | |  1.5

Action                     || total
---------------------------++-------
   Fire: Shortbow          ||    61
    Use: Scroll            ||     3
 Armour: Robe              ||     3
  Dodge: Dodged            ||    13

Table legend:
 A = Non-vault XP
 B = Vault XP
 C = Vault XP percentage of total XP
 D = Non-vault monster count
 E = Vault monster count
 F = Vault count percentage of total count
                 A         B        C        D         E       F
            +---------+---------+-------+---------+---------+-------
      Total |      36 |       0 |   0.0 |      25 |       0 |   0.0
            +---------+---------+-------+---------+---------+-------
        D:1 |      32 |       0 |   0.0 |      23 |       0 |   0.0
        D:2 |       4 |       0 |   0.0 |       2 |       0 |   0.0
            +---------+---------+-------+---------+---------+-------
